 Dungeon Crawl Stone Soup version 0.27-a0-1105-g946c659c87 (webtiles) character file.

Game seed: 17654390602215364444

39 Gaff the Magician (level 3, -1/25 HPs)
             Began as a Djinni Earth Elementalist on Apr 28, 2021.
             Was a Follower of Okawaru.
             Slain by a worm (4 damage)
             ... on level 2 of the Dungeon.
             The game lasted 00:06:02 (2881 turns).

Gaff the Magician (Djinni Earth Elementalist)       Turns: 2881, Time: 00:06:02

Health: -1/25      AC:  2    Str:  7    XL:     3   Next: 45%
Gold:   24         EV: 12    Int: 17    God:    Okawaru [*.....] SH:  0 Dex: 13

rFire    + + .     SeeInvis .   d - +0 dagger
rCold    x . .     Faith    .   (no shield)
rNeg     . . .     Spirit   .   c - +0 robe
rPois    ∞         Reflect  .   (no helmet)
rElec    .         Harm     .   (no cloak)
rCorr    .         Rampage  .   (no gloves)
Will     .....                  (boots unavailable)
Stlth    ++........             (no amulet)
HPRegen  0.08/turn              (no ring)
MPRegen  0.00/turn              (no ring)

@: flying
A: fire resistance 2, cold vulnerability 1, float, innate caster, hp casting,
extra vitality 1
a: Renounce Religion, Heroism


You were on level 2 of the Dungeon.
You worshipped Okawaru.
Okawaru was aware of your devotion.
You visited 1 branch of the dungeon, and saw 2 of its levels.

You collected 24 gold pieces.

Inventory:

Hand Weapons
 d - a +0 dagger (weapon)
Missiles
 a - 7 boomerangs
 k - a poisoned dart (quivered)
Armour
 c - a +0 robe (worn)
Scrolls
 f - a scroll of magic mapping {unknown}
 h - a scroll of enchant armour {unknown}
 i - a scroll of fog {unknown}
Potions
 b - a potion of attraction {unknown}
 e - a potion of brilliance {unknown}
 g - a potion of magic {unknown}
 j - a potion of curing {unknown}


   Skills:
 + Level 0.1 Fighting
 - Level 2.1 Dodging
 - Level 1.5 Stealth
 * Level 3.8 Spellcasting


You couldn't memorise any spells.
You knew the following spells:

 Your Spells              Type           Power      Damage    Failure   Level
a - Sandblast             Erth           32%        2d9       3%          1
b - Passwall              Tmut/Erth      13%        N/A       4%          2
c - Stone Arrow           Conj/Erth      32%        3d9       10%         3
d - Petrify               Tmut/Erth      16%        N/A       32%         4
e - Lee's Rapid Deconstr  Erth           8%         3d8*      67%         5
f - Summon Small Mammal   Summ           64%        N/A       3%          1
Your spell library was empty.

Dungeon Overview and Level Annotations

Branches:
Dungeon (2/15)

Altars:
Okawaru

Shops:
D:1 :


Innate Abilities, Weirdness & Mutations

You are immune to poison.
Your flesh is very heat resistant. (rF++)
You are vulnerable to cold. (rC-)
You float through the air rather than walking.
You learn spells naturally, not from books.
Your magical power is your life essence.
You have superior vitality. (+4 HP)


Message History

r - Retreat! s - Stop attacking. g - Guard the area. f - Follow me.
Anything else - Cancel.
Okay, then.
Throw: dart (poison)
Press: ? - help, Q - select action, (/) - cycle Shift-Dir - straight line, f/p - worm
Aim: a worm (almost dead, 76% to hit)
You throw a poisoned dart.
The poisoned dart barely misses the worm.
The worm bites you!
* * * LOW HITPOINT WARNING * * *
You see here a poisoned dart.
k - a poisoned dart You see here a poisoned dart.
k - 2 poisoned darts (gained 1)
You see here a poisoned dart.
k - 3 poisoned darts (gained 1)
You see here a poisoned dart.
k - 4 poisoned darts (gained 1)
Okay, then.
Throw: 4 darts (poison)
Press: ? - help, Q - select action, (/) - cycle Shift-Dir - straight line, f/p - worm
Aim: a worm (moderately wounded, 76% to hit)
You throw a poisoned dart. The poisoned dart hits the worm.
The worm is moderately wounded.
Throw: 3 darts (poison)
Press: ? - help, Q - select action, (/) - cycle Shift-Dir - straight line, f/p - worm
Aim: a worm (moderately wounded, 76% to hit)
You throw a poisoned dart. The poisoned dart hits the worm.
The worm is moderately wounded.
Throw: 2 darts (poison)
Press: ? - help, Q - select action, (/) - cycle Shift-Dir - straight line, f/p - worm
Aim: a worm (moderately wounded, 76% to hit)
You throw a poisoned dart. The poisoned dart hits the worm.
The worm is poisoned.
The worm is moderately wounded.
You hit the worm.
The worm is heavily wounded.
The worm bites you.
You die...

#. ##.........# #.
###.......# .. .#
##....### #. .#
##....# # #. .#
##...### #.##.##.#
##.....## #.......#
##^...((.##
####.<.####...).w...#
J.........'....(@...+
####...####.........#
####..## ##.......##
......# ##.....##
####..#### ##..(##
.........# ##+##
.##...##.# ##
#.#.##.# ####..###
##.#.##.# #........


You could see a worm (poisoned).

Vanquished Creatures
  A dart slug (D:1)
  2 endoplasms
  A giant cockroach (D:2)
  2 goblins (D:1)
  3 hobgoblins (D:1)
  4 jackals (D:1)
  2 kobolds (D:1)
  2 quokkas (D:1)
  6 ball pythons
  4 bats
  6 frilled lizards (D:1)
  2 rats (D:1)
35 creatures vanquished.

Vanquished Creatures (collateral kills)
  A bat (D:1)
1 creature vanquished.

Vanquished Creatures (others)
  2 fungi (D:2)
  3 plants (D:2)
5 creatures vanquished.

Grand Total: 41 creatures vanquished

Notes
Turn   | Place    | Note
-------+----------+-------------------------------------------
     0 | D:1      | Gaff the Djinni Earth Elementalist began the quest for the
                  | Orb.
     0 | D:1      | Reached XP level 1. HP: 15/15 MP: 0/0
   233 | D:1      | Reached skill level 3 in Spellcasting
   242 | D:1      | Reached XP level 2. HP: 8/21 MP: 0/0
   624 | D:1      | Found Zifoinw Roif's Book Shop.
  1453 | D:1      | Reached XP level 3. HP: 24/25 MP: 0/0
  1453 | D:1      | Learned a level 1 spell: Summon Small Mammal
  2733 | D:2      | Found a faded altar of an unknown god.
  2744 | D:2      | Became a worshipper of Warmaster Okawaru
  2744 | D:2      | Reached * piety under Okawaru
  2881 | D:2      | Slain by a worm

Illustrated notes

Levels and vault maps discovered:
D:1:      amcnicky_arrival_choice, layout_loops_cross, serial_shops,
          nicolae_shop_stone
D:2:      layout_loops_corners, shapermc_ecumenical_altar_mp_urbaneastern,
          minmay_pentomino_z2, uniq_terence

Skill      XL: |  1 |
---------------+----+-----
Spellcasting   | 3 |  3.8
Fighting       | |  0.1
Dodging        | |  2.1
Stealth        | |  1.5

Action                   || total
-------------------------++-------
Melee: Dagger            ||   100
       Unarmed           ||     1
Throw: Dart              ||    15
       Boomerang         ||     5
 Cast: Sandblast         ||    35
       Summon Small Mamm ||     1
       Stone Arrow       ||     1
 Stab: Sleeping          ||     2
Armor: Robe              ||    25
Dodge: Dodged            ||    92

Table legend: (Time is in decaauts)
 A = Elapsed time spent in this place.
 B = Non-inter-level travel time spent in this place.
 C = Inter-level travel time spent in this place.
 D = Time resting spent in this place.
 E = Time spent auto-exploring this place.
 F = Levels seen in this place.
 G = Mean time per level.
                   A        B        C        D        E       F      G
               +--------+--------+--------+--------+--------+-----+--------+
         Total |   2883 |   2779 |    104 |   1572 |    610 |   2 | 1441.5 |
       Dungeon |   2883 |   2779 |    104 |   1572 |    610 |   2 | 1441.5 |
               +--------+--------+--------+--------+--------+-----+--------+

Top non-repeatable levels by time:
     D:1: 2296 daAuts
     D:2: 586 daAuts
